 Dungeon Sprint DCSS version 0.29-a0-529-gfa20dd96a1 (webtiles) character file.

Game seed: 12095126174809391849

6394 nrs142 the Fencer (level 10, -4/104 HPs)
             Began as a Minotaur Monk on June 1, 2022.
             Was a High Priest of Nemelex Xobeh.
             Slain by Roomuul the pandemonium lord (26 damage)
             ... in the Dungeon (Sprint V: "Ziggurat Sprint").
             The game lasted 00:07:39 (295 turns).

nrs142 the Fencer (Minotaur Monk)                    Turns: 295, Time: 00:07:40

Health: -4/104     AC: 23    Str: 31      XL:     10   Next: 66%
Magic:  15/16      EV:  8    Int:  7      God:    Nemelex Xobeh [*****.]
Gold:   0          SH: 14    Dex: 13 (14) Spells: 9/9 levels left

rFire   + . .      SeeInvis .   r - +7 Screaming Sword {vorpal, sonic wave}
rCold   + . .      Faith    .   b - +3 kite shield
rNeg    . . .      Spirit   .   a - +5 gold dragon scales
rPois   +          Reflect  .   (helmet restricted)
rElec   .          Harm     .   (no cloak)
rCorr   +          Rampage  .   (no gloves)
Will    .....      NoTele   +   (no boots)
Stlth   ..........              m - amulet "Bobyber" {Acrobat +Inv Fly rCorr}
HPRegen 0.27/turn               w - +6 ring of strength
MPRegen 0.15/turn               x - +6 ring of strength

@: flying
A: horns 2, retaliatory headbutt, iridescent scales 1, deterioration 1
a: Renounce Religion, Evoke Invisibility, Draw Escape, Draw Destruction, Draw
Summoning, Triple Draw, Deal Four, Stack Five


You were in the Dungeon.
You worshipped Nemelex Xobeh.
Nemelex Xobeh was extremely pleased with you.
You visited 1 branch

Inventory:

Hand Weapons
 r - the +7 Screaming Sword (weapon) {vorpal, sonic wave}
   (You found it in the Dungeon)

   It inflicts extra damage upon your enemies.
   It radiates damaging sonic waves as it strikes, especially in combat
   involving dangerous or numerous foes.
Armour
 a - +5 gold dragon scales (worn)
 b - a +3 kite shield (worn)
Jewellery
 m - the amulet "Bobyber" (around neck) {Acrobat +Inv Fly rCorr}
   (You found it in the Dungeon)

   [amulet of the acrobat]

   It increases your evasion while moving and waiting.
   +Inv:      It lets you turn invisible.
   Fly:       It grants you flight.
   rCorr:     It protects you from acid and corrosion.
 w - a +6 ring of strength (left hand)
 x - a +6 ring of strength (right hand)
Wands
 o - a wand of mindburst (7)
 p - a wand of iceblast (7)
 q - a wand of acid (7)
Scrolls
 i - 4 scrolls of blinking
 y - 4 scrolls of amnesia
 z - 7 scrolls of fog
 A - 5 scrolls of identify
 B - 2 scrolls of fear
Potions
 c - a potion of ambrosia
 d - 10 potions of curing
 e - 5 potions of heal wounds
 f - 6 potions of haste
 g - 7 potions of magic
 h - 3 potions of berserk rage
 j - 2 potions of brilliance
 k - 2 potions of invisibility
 l - 4 potions of resistance
 n - 5 potions of might
Miscellaneous
 s - a condenser vane
 t - a phantom mirror
 C - a lightning rod (4/4)


   Skills:
 + Level 14.9 Fighting
 + Level 17.2 Long Blades
 + Level 8.6 Armour
 + Level 11.5 Dodging
 + Level 4.1 Stealth
 + Level 9.3 Shields
 * Level 9.7 Invocations
 + Level 0.6 Evocations


You had 9 spell levels left.
You didn't know any spells.
Your spell library contained the following spells:

 Spells                   Type           Power      Damage    Failure   Level
 Freeze                   Ice            0%         1d3       100%        1
 Passwall                 Tmut/Erth      0%         N/A       100%        2
 Static Discharge         Conj/Air       0%         N/A       100%        2
 Frozen Ramparts          Ice            0%         1d2       100%        3
 Ignite Poison            Fire/Tmut/Pois 0%         N/A       100%        3
 Mephitic Cloud           Conj/Pois/Air  0%         N/A       100%        3
 Summon Guardian Golem    Hex/Summ       0%         N/A       100%        3
 Airstrike                Air            0%         N/A       100%        4
 Hailstorm                Conj/Ice       0%         3d3       100%        4
 Summon Ice Beast         Ice/Summ       0%         N/A       100%        4
 Summon Lightning Spire   Summ/Air       0%         N/A       100%        4
 Fireball                 Conj/Fire      0%         3d3       100%        5
 Iskenderun's Battlesphe  Conj           0%         2d6       100%        5
 Lightning Bolt           Conj/Air       0%         1d11      100%        5
 Summon Forest            Summ/Tloc      0%         N/A       100%        5
 Simulacrum               Ice/Necr       0%         N/A       100%        6
 Summon Cactus Giant      Summ           0%         N/A       100%        6
 Malign Gateway           Summ/Tloc      0%         N/A       100%        7
 Monstrous Menagerie      Summ           0%         N/A       100%        7
 Ozocubu's Refrigeration  Ice            0%         4d5       100%        7
 Spellforged Servitor     Conj/Summ      0%         N/A       100%        7
 Storm Form               Tmut/Air       0%         N/A       100%        7
 Summon Horrible Things   Summ           0%         N/A       100%        8


Dungeon Overview and Level Annotations

Branches:
Dungeon (1/1)

Altars:
Ashenzari
Cheibriados
Dithmenos
Elyvilon
Fedhas
Gozag
Hepliaklqana
Kikubaaqudgha
Makhleb
Nemelex Xobeh
Okawaru
Qazlal
Ru
Sif Muna
Trog
Uskayaw
Vehumet
Wu Jian
Xom
Yredelemnul
Zin
The Shining One
Beogh
Jiyva
Lugonu


Innate Abilities, Weirdness & Mutations

You have a pair of horns on your head.
You reflexively headbutt those who attack you in melee.
You are partially covered in iridescent scales. (AC +2)
Your body sometimes deteriorates upon taking damage.


Message History

Lightning arcs from Masoonk's claws!
The bolt of lightning hits Roomuul!
The bolt of lightning hits you!!
* * * LOW HITPOINT WARNING * * *
Unknown command.
You feel much better. You block Roomuul's attack.
Masoonk gestures.
Lightning arcs from Masoonk's claws!
The bolt of lightning hits Roomuul!
The bolt of lightning hits you!!!
* * * LOW HITPOINT WARNING * * *
You feel much better. Roomuul tramples you.
* * * LOW HITPOINT WARNING * * *
You hold your ground!
Roomuul tramples you but does no damage.
There are monsters nearby!
You slash Roomuul! Your headbutt misses Roomuul.
Roomuul is almost dead.
Roomuul tramples you.
* * * LOW HITPOINT WARNING * * *
You hold your ground!
Roomuul tramples you!
* * * LOW HITPOINT WARNING * * *
You hold your ground!
You slash Roomuul!
The Screaming Sword bellows, "I WAS FORGED TO MURDER THE WORLD!"
You send a blast of sound all around you.
Masoonk and Roomuul are blasted.
Masoonk is moderately wounded.
Roomuul is almost dead.
Your headbutt misses Roomuul.
Roomuul is almost dead.
Roomuul tramples you.
* * * LOW HITPOINT WARNING * * *
You hold your ground!
You feel much better. Roomuul tramples you!!
* * * LOW HITPOINT WARNING * * *
Your body deteriorates!
You feel clumsy.
You hold your ground!
Roomuul tramples you but does no damage.
You feel much better. Roomuul tramples you!!
You die...
Your body disappears without a glow.

▓..8©8..▓
▓..|})}[..▓..[)...▓
▓...)=)...▓...)|..▓
▓.........▓.......▓
▓.........▓.......▓
▓.........▓.......▓
▓....&....▓.......▓
▓.▓..&..▓.▓.▓...▓.▓
▓....@....▓...©...▓
▓▓▓▓▓▓▓▓▓▓▓▓▓▓▓▓▓▓▓


You could see Masoonk and Roomuul.

Vanquished Creatures
  A pandemonium lord (D)
  A sun demon (D)
  A salamander (D)
  A shining eye (D)
  A manticore (D)
  A yaktaur (shapeshifter) (D)
  A freezing wraith (D)
  A polar bear (D)
  A slime creature (D)
  A tarantella (D)
  A raiju (D)
  A golden eye (D)
  2 steam dragons (D)
  2 hell hounds (D)
  2 floating eyes (D)
  2 swamp drakes (D)
  An ice beast (D)
  A wolf (D)
  4 jellies (D)
  A quasit (D)
  4 iron imps (D)
  A river rat (D)
  A shadow imp (D)
  3 white imps (D)
  2 ufetubi (D)
  A bat skeleton (D)
  2 endoplasms (D)
  A bat simulacrum (D)
42 creatures vanquished.

Vanquished Creatures (others)
  A sixfirhy (D)
1 creature vanquished.

Grand Total: 43 creatures vanquished

Notes
Turn   | Place    | Note
-------+----------+-------------------------------------------
     0 | D        | nrs142 the Minotaur Monk began the quest for the Orb.
     0 | D        | Reached XP level 1. HP: 19/19 MP: 0/0
     0 | D        | Found a shimmering blue altar of Sif Muna.
     0 | D        | Found a bloodstained altar of Trog.
     0 | D        | Found a sacrificial altar of Ru.
     0 | D        | Found a stormy altar of Qazlal.
     0 | D        | Found an iron altar of Okawaru.
     1 | D        | Found a sparkling altar of Nemelex Xobeh.
     1 | D        | Found a blossoming altar of Fedhas.
     1 | D        | Found the +6 Majin-Bo {vamp, MP+6 Int+6}
     1 | D        | Found the +9 heavy crossbow "Sniper" {vorpal, Acc+∞ SInv}
     1 | D        | Found the +10 dark maul {vorpal}
     1 | D        | Found the +15 Maxwell's patent armour {-Cast -Tele rElec
                  | Will+ rCorr}
     1 | D        | Found the +18 shield of the Gong {rElec rN+ Will+ EV-5}
     1 | D        | Found the +14 obsidian axe {vorpal, Mesm Drain Fly SInv}
     1 | D        | Found the +7 great mace "Firestarter" {inner flame, rF++}
     1 | D        | Found the +6 shillelagh "Devastator" {shatter}
     1 | D        | Found the +11 plutonium sword {Contam Stlth-}
     1 | D        | Found the +8 lance "Wyrmbane" {slay drac, rPois rF+ rC+
                  | AC+3}
     1 | D        | Found the +9 sword of Zonguldrok {reap}
     1 | D        | Found the +13 scythe of Curses {drain, Drain}
     1 | D        | Found the +5 sword of Power {vorpal}
     1 | D        | Found the +7 mace of Variability {chain chaos}
     1 | D        | Found the +7 Singing Sword {vorpal, sonic wave}
     1 | D        | Found the +8 storm bow {elec, penet}
     7 | D        | Found a corrupted altar of Lugonu.
     7 | D        | Found an ancient bone altar of Kikubaaqudgha.
     7 | D        | Found a burning altar of Makhleb.
     7 | D        | Found a transporter.
     7 | D        | Found a viscous altar of Jiyva.
     7 | D        | Found a hazy altar of Hepliaklqana.
    10 | D        | Banished a spatial maelstrom
    11 | D        | Found an opulent altar of Gozag.
    17 | D        | Banished a spatial maelstrom
    83 | D        | Reached skill level 6 in Long Blades
    83 | D        | Reached XP level 2. HP: 30/30 MP: 1/1
    96 | D        | Became a worshipper of Nemelex Xobeh the Trickster
    96 | D        | Reached * piety under Nemelex Xobeh
    96 | D        | Received a gift from Nemelex Xobeh
    96 | D        | Reached ** piety under Nemelex Xobeh
   105 | D        | Entered arena 2.
   105 | D        | Noticed a wolf
   105 | D        | Received a gift from Nemelex Xobeh
   105 | D        | Found a transporter.
   112 | D        | Killed a wolf
   113 | D        | Reached skill level 8 in Long Blades
   113 | D        | Reached skill level 5 in Dodging
   113 | D        | Reached XP level 3. HP: 31/40 MP: 2/2
   113 | D        | Reached XP level 4. HP: 37/48 MP: 3/3
   116 | D        | Got the amulet "Bobyber" {Acrobat +Inv Fly rCorr}
   127 | D        | Entered arena 3.
   127 | D        | Noticed a swamp drake
   127 | D        | Noticed a swamp drake
   127 | D        | Noticed a steam dragon
   127 | D        | Found a transporter.
   131 | D        | Killed a steam dragon
   132 | D        | Reached skill level 9 in Long Blades
   132 | D        | Reached XP level 5. HP: 45/57 MP: 4/4
   132 | D        | Killed a swamp drake
   132 | D        | Killed a swamp drake
   133 | D        | Reached skill level 10 in Fighting
   133 | D        | Reached skill level 10 in Long Blades
   133 | D        | Reached XP level 6. HP: 53/67 MP: 5/5
   137 | D        | Got Duilut's Collected Works on Ice and the Escort
   146 | D        | Entered arena 4.
   146 | D        | Found the +10 tower shield of Ignorance {rN+ Int-4}
   146 | D        | Noticed a hell hound
   146 | D        | Found a transporter.
   151 | D        | Killed a hell hound
   152 | D        | Reached skill level 11 in Long Blades
   152 | D        | Reached skill level 1 in Invocations
   152 | D        | Reached XP level 7. HP: 53/73 MP: 5/7
   157 | D        | Got the ring "Walacve" {rPois rN+ Int+5 Stlth-}
   161 | D        | Got the Grimoire of Hurtful Companions
   165 | D        | Entered arena 5.
   165 | D        | Found the +8 mithril axe "Arga" {speed, Will+}
   165 | D        | Reached *** piety under Nemelex Xobeh
   165 | D        | Found a transporter.
   188 | D        | Entered arena 6.
   188 | D        | Received a gift from Nemelex Xobeh
   188 | D        | Found a transporter.
   188 | D        | Reached **** piety under Nemelex Xobeh
   194 | D        | Reached skill level 12 in Long Blades
   202 | D        | Got Delubb's Compendium of Flamy Transmigration
   209 | D        | Entered arena 7.
   209 | D        | Noticed a freezing wraith
   209 | D        | Noticed a polar bear
   209 | D        | Received a gift from Nemelex Xobeh
   211 | D        | Found a transporter.
   211 | D        | Received a gift from Nemelex Xobeh
   215 | D        | Killed a polar bear
   216 | D        | Reached skill level 5 in Shields
   216 | D        | Reached XP level 8. HP: 56/83 MP: 8/10
   217 | D        | Killed a freezing wraith
   218 | D        | Reached skill level 13 in Long Blades
   218 | D        | Reached skill level 5 in Armour
   218 | D        | Reached skill level 5 in Invocations
   232 | D        | Got Sudwen's Collected Works on Gliding Ice
   235 | D        | Got Jalupn's Almanac of Illusion
   242 | D        | Entered arena 8.
   242 | D        | Noticed a slime creature
   242 | D        | Received a gift from Nemelex Xobeh
   242 | D        | Reached ***** piety under Nemelex Xobeh
   242 | D        | Received a gift from Nemelex Xobeh
   243 | D        | Killed a slime creature
   244 | D        | Reached skill level 10 in Dodging
   244 | D        | Found a transporter.
   258 | D        | Entered arena 9.
   258 | D        | Noticed a merfolk
   258 | D        | Noticed a cyclops
   258 | D        | Noticed a wind drake
   258 | D        | Noticed a wind drake
   258 | D        | Noticed a merfolk
   258 | D        | Noticed a merfolk
   258 | D        | Received a gift from Nemelex Xobeh
   259 | D        | Noticed a glowing shapeshifter
   259 | D        | a merfolk changed into a glowing shapeshifter
   259 | D        | Noticed a shining eye
   259 | D        | a merfolk changed into a shining eye
   259 | D        | Noticed a tarantella
   259 | D        | a cyclops changed into a tarantella
   259 | D        | Noticed a salamander
   259 | D        | a wind drake changed into a salamander
   259 | D        | Noticed a manticore
   259 | D        | a merfolk changed into a manticore
   259 | D        | Noticed a raiju
   259 | D        | a wind drake changed into a raiju
   260 | D        | Noticed a troll
   260 | D        | a glowing shapeshifter changed into a troll
   261 | D        | Killed a tarantella
   262 | D        | Reached skill level 14 in Long Blades
   262 | D        | Reached XP level 9. HP: 70/92 MP: 12/12
   262 | D        | a troll changed into a spriggan
   263 | D        | Found a transporter.
   263 | D        | Noticed a yaktaur
   263 | D        | a spriggan changed into a yaktaur
   264 | D        | Killed a manticore
   266 | D        | Killed a yaktaur
   267 | D        | Reached skill level 15 in Long Blades
   267 | D        | Killed a salamander
   267 | D        | Gained mutation: Your body sometimes deteriorates upon
                  | taking damage. [a shining eye]
   268 | D        | Gained mutation: You are partially covered in iridescent
                  | scales. (AC +2) [a shining eye]
   269 | D        | Killed a shining eye
   287 | D        | Entered arena 10.
   287 | D        | Noticed Biogyodd the pandemonium lord
   287 | D        | Noticed Masoonk the pandemonium lord
   287 | D        | Noticed a sixfirhy
   287 | D        | Noticed a sun demon
   287 | D        | Noticed Roomuul the pandemonium lord
   287 | D        | Received a gift from Nemelex Xobeh
   288 | D        | Killed Biogyodd the pandemonium lord
   288 | D        | Killed a sun demon
   288 | D        | Killed a sixfirhy
   289 | D        | Reached skill level 17 in Long Blades
   289 | D        | Reached XP level 10. HP: 87/104 MP: 14/16
   293 | D        | HP: 2/104 [Roomuul the pandemonium lord (6)]
   295 | D        | Slain by Roomuul the pandemonium lord

Illustrated notes

Levels and vault maps discovered:
D:        sprint_v [room_start, room_1, room_2, room_3, room_4, room_5, room_6,
          room_7, room_8, room_9, room_10, room_11, room_12, room_13, room_14,
          room_15, room_16, room_17, room_18, room_19, room_20, room_21,
          room_22, room_23, room_24, room_25, room_26, room_27]

Skill      XL: |  1  2  3  4  5  6  7  8  9 |
---------------+----------------------------+-----
Fighting       | 6 7 9 10 11 12 14 | 14.9
Long Blades    | 6 8 9 10 11 12 14 17 | 17.2
Armour         | 3 4 6 8 |  8.6
Shields        | 3 4 5 6 9 |  9.3
Dodging        | 5 6 8 9 10 11 | 11.5
Stealth        | 2 3 4 |  4.1
Invocations    | 1 4 6 9 |  9.7
Evocations     | |  0.6

Action                   |  1- 3 |  4- 6 |  7- 9 | 10-12 || total
-------------------------+-------+-------+-------+-------++-------
Melee: Double sword      |     6 |     7 |    20 |     2 ||    35
       Headbutt          |       |     1 |       |       ||     1
Invok: Draw Destruction  |       |       |     6 |     1 ||     7
Evoke: Condenser vane    |       |       |     1 |       ||     1
  Use: Potion            |     1 |       |     1 |     4 ||     6
Armor: Gold dragon scale |     8 |     6 |    13 |     2 ||    29
Dodge: Dodged            |     2 |     1 |     4 |       ||     7
Block: Kite shield       |     5 |     7 |    16 |     1 ||    29

Table legend: (Time is in decaauts)
 A = Elapsed time spent in this place.
 B = Non-inter-level travel time spent in this place.
 C = Inter-level travel time spent in this place.
 D = Time resting spent in this place.
 E = Time spent auto-exploring this place.
 F = Levels seen in this place.
 G = Mean time per level.
                   A        B        C        D        E       F      G
               +--------+--------+--------+--------+--------+-----+--------+
         Total |    302 |    302 |      0 |     12 |      0 |   1 |  302.0 |
       Dungeon |    302 |    302 |      0 |     12 |      0 |   1 |  302.0 |
               +--------+--------+--------+--------+--------+-----+--------+

Top non-repeatable levels by time:
       D: 302 daAuts
